 Dungeon Crawl Stone Soup version 0.25.1-2-g60ff931df9 (webtiles) character file.

Game seed: 11988160676650238862

1784 gruber the Blocker (level 8, -2/64 HPs)
             Began as a Minotaur Fighter on Dec 3, 2020.
             Was a Follower of Okawaru.
             Slain by an orc warrior
             ... wielding a +2 short sword of draining
              (7 damage)
             ... on level 7 of the Dungeon.
             The game lasted 00:06:15 (7466 turns).

gruber the Blocker (Minotaur Fighter)               Turns: 7466, Time: 00:06:16

Health: -2/64      AC: 10    Str: 22    XL:     8   Next: 81%
Magic:  0/7        EV: 14    Int:  5    God:    Okawaru [*.....]
Gold:   366        SH: 13    Dex: 11    Spells: 7/7 levels left

rFire    . . .     SeeInvis .   a - +0 long sword
rCold    . . .     Gourm    .   c - +0 kite shield
rNeg     + . .     Faith    .   b - +0 scale mail
rPois    +         Spirit   +   (helmet restricted)
rElec    .         Reflect  .   g - +0 cloak
rCorr    .         Harm     .   (no gloves)
MR       .....                  (no boots)
Stlth    +.........             h - amulet of guardian spirit
HPRegen  0.20/turn              l - ring of positive energy
MPRegen  0.10/turn              p - ring of poison resistance

@: heroism, drained
A: retaliatory headbutt, horns 2
a: Heroism, Renounce Religion


You were on level 7 of the Dungeon.
You worshipped Okawaru.
Okawaru was aware of your devotion.
You were very hungry.

You visited 2 branches of the dungeon, and saw 8 of its levels.
You also visited: Ossuary.

You collected 366 gold pieces.

Inventory:

Hand Weapons
 a - a +0 long sword (weapon)
 q - a +0 dagger of venom
Missiles
 w - 9 poisoned darts (quivered)
Armour
 b - a +0 scale mail (worn)
 c - a +0 kite shield (worn)
 g - a +0 cloak (worn)
Jewellery
 h - an amulet of guardian spirit (around neck)
 l - a ring of positive energy (left hand)
 p - a ring of poison resistance (right hand)
 s - an uncursed ring of protection from fire
 F - an uncursed ring of flight
 G - a cursed amulet of inaccuracy {unknown}
Wands
 v - a wand of flame (13)
 H - a wand of polymorph (7)
Scrolls
 i - 3 scrolls of identify
 n - 2 scrolls of noise {unknown}
 t - 3 scrolls of teleportation
 y - a scroll of amnesia
 A - 7 scrolls of random uselessness {unknown}
 B - a scroll of immolation {unknown}
 D - a scroll of magic mapping
Potions
 d - a potion of might
 e - a potion of magic {unknown}
 j - 7 potions of curing {unknown}
 k - 4 potions of stabbing {unknown}
 m - 6 potions of degeneration {unknown}
 o - a potion of heal wounds {unknown}
 r - a potion of resistance {unknown}
 u - a potion of haste {unknown}
 x - 3 potions of lignification {unknown}
 z - 2 potions of flight {unknown}
 C - 3 potions of mutation {unknown}
Comestibles
 f - 8 rations


   Skills:
 - Level 3.6(7.5) Fighting
 - Level 6.0(9.8) Long Blades
 - Level 8.1(11.9) Armour
 - Level 6.0(9.8) Dodging
 * Level 8.4(12.2) Shields


You had 7 spell levels left.
You didn't know any spells.
Your spell library contained the following spells:

 Spells                   Type           Power        Failure   Level  Hunger
 Corona                   Hex            #......      85%         1    ##.....
 Magic Dart               Conj           #...         85%         1    ##.....
 Ensorcelled Hibernation  Hex/Ice        #.....       94%         2    ###....
 Searing Ray              Conj           #.....       94%         2    ###....
 Confusing Touch          Hex            #.......     99%         3    ####...
 Dazzling Flash           Conj/Hex       #.....       99%         3    ####...
 Tukima's Dance           Hex            #.......     99%         3    ####...
 Fulminant Prism          Conj/Hex       #.........   100%        4    #####..
 Iskenderun's Mystic Bla  Conj/Tloc      #.......     100%        4    #####..


Dungeon Overview and Level Annotations

Branches:
Dungeon (7/15)             Temple (1/1) D:6         Ossuary (visited)

Altars:
Cheibriados
Elyvilon
Fedhas
Kikubaaqudgha
Makhleb
Nemelex Xobeh
Okawaru
Ru
Sif Muna
Trog
Uskayaw
Vehumet
Yredelemnul
Zin
The Shining One

Shops:
D:6 :

Annotations:
D:3 1 runed translucent door, ElPutoDani's ghost, amateur CeWr


Innate Abilities, Weirdness & Mutations

You reflexively headbutt those who attack you in melee.
You have a pair of horns on your head.


Message History

* * * LOW HITPOINT WARNING * * *
Unknown command.
Unknown command.
Unknown command.
You are feeling very hungry.
You barely miss the orc warrior.
The orc warrior is heavily wounded.
You block the shadow imp's attack. The orc warrior misses you.
You riposte.
You hit the orc warrior but do no damage.
The orc warrior is heavily wounded.
Unknown command.
Unknown command.
You hit the orc warrior.
The orc warrior is severely wounded.
You block the shadow imp's attack.
Unknown command.
You hit the orc warrior. Your headbutt misses the orc warrior.
The orc warrior is almost dead.
The orc warrior hits you with a +2 short sword of draining!
You die...

#.....)...# #.#..
#......o..# #.#..
#####.....# #.#.#
## #.....# #.#.#
..## #.....#
#.#.###....
#.....###.#.#......
#.................
#.......o.....#
####....5@.<.<#
#........###
######...+ #...#
#...+ #...# #...#
#...#


You could see an orc warrior and a shadow imp.

Vanquished Creatures
  3 sky beasts
  An ogre (D:4)
  Blork the orc (D:5)
  3 bullfrogs (D:6)
  A scorpion (D:5)
  4 wights
  A howler monkey (D:4)
  2 bullfrog zombies (D:6)
  A crimson imp (D:6)
  2 human zombies (Ossuary)
  2 centaur zombies (Ossuary)
  A bullfrog skeleton (D:6)
  2 hounds (D:6)
  2 orc priests
  4 orc wizards
  Natasha (thrice) (D:2)
  3 worker ants
  5 mummies (Ossuary)
  2 howler monkey zombies
  A howler monkey skeleton (D:6)
  7 adders
  A shadow imp (D:5)
  4 worms
  4 dart slugs
  2 leopard geckos
  16 orcs
  3 giant cockroaches
  4 hobgoblins
  11 jackals
  A quokka (D:1)
  2 bats
  7 frilled lizards
  5 goblins
  A goblin zombie (Ossuary)
  2 hobgoblin zombies (Ossuary)
  5 kobolds
  A kobold zombie (Ossuary)
  A quokka zombie (D:5)
  2 rats
123 creatures vanquished.

Vanquished Creatures (others)
  An orc wizard (D:7)
1 creature vanquished.

Grand Total: 124 creatures vanquished

Notes
Turn   | Place    | Note
-------+----------+-------------------------------------------
     0 | D:1      | gruber the Minotaur Fighter began the quest for the Orb.
     0 | D:1      | Reached XP level 1. HP: 19/19 MP: 0/0
   652 | D:2      | Noticed Natasha
   763 | D:2      | Noticed a crimson imp
   764 | D:2      | Killed Natasha
   764 | D:2      | Reached XP level 2. HP: 16/26 MP: 1/1
   764 | D:2      | Reached XP level 3. HP: 19/31 MP: 2/2
  1003 | D:2      | Found a faded altar of an unknown god.
  1061 | D:2      | Noticed Natasha
  1109 | D:1      | Reached skill level 5 in Long Blades
  1444 | D:2      | Killed Natasha
  1444 | D:2      | Reached XP level 4. HP: 31/39 MP: 3/3
  1480 | D:2      | Noticed Natasha
  1487 | D:2      | Killed Natasha
  1564 | D:2      | Found a shimmering blue altar of Sif Muna.
  1829 | D:1      | HP: 1/39 [poisoned by a goblin]
  2172 | D:2      | Found a burning altar of Makhleb.
  2183 | D:2      | Found a white marble altar of Elyvilon.
  2252 | D:2      | Reached XP level 5. HP: 42/45 MP: 4/4
  2566 | D:3      | Found a glowing golden altar of the Shining One.
  2670 | D:3      | Found a runed translucent door.
  2670 | D:3      | Noticed ElPutoDani's ghost (amateur CeWr)
  2857 | D:3      | Found a glowing golden altar of the Shining One.
  3194 | D:4      | Reached skill level 5 in Armour
  3420 | D:4      | Found a sparkling altar of Nemelex Xobeh.
  3445 | D:4      | Noticed an ogre
  3464 | D:4      | Killed an ogre
  3464 | D:4      | Reached XP level 6. HP: 5/51 MP: 0/5
  4143 | D:4      | Found a radiant altar of Vehumet.
  4243 | D:5      | Entered Level 5 of the Dungeon
  4256 | D:5      | Noticed Blork the orc
  4275 | D:5      | Killed Blork the orc
  4512 | D:5      | Reached XP level 7. HP: 21/57 MP: 3/6
  4805 | D:5      | Reached skill level 1 in Dodging
  5097 | D:5      | HP: 2/57 [something (5)]
  5481 | D:5      | Found a snail-covered altar of Cheibriados.
  5622 | D:6      | Reached skill level 5 in Dodging
  5622 | D:6      | Reached XP level 8. HP: 54/64 MP: 5/7
  5707 | D:6      | Found a sand-covered staircase.
  5714 | Ossuary  | Entered an ossuary
  6219 | D:6      | Reached skill level 5 in Shields
  6237 | D:6      | Found a staircase to the Ecumenical Temple.
  6258 | Temple   | Entered the Ecumenical Temple
  6346 | Temple   | Became a worshipper of Warmaster Okawaru
  6941 | D:6      | Reached * piety under Okawaru
  6994 | D:6      | Found Wamojiolou's Book Shop.
  7466 | D:7      | Slain by an orc warrior

Illustrated notes

Levels and vault maps discovered:
D:1:      beargit_arrival_greenhouse, layout_loops_ring
D:2:      layout_rooms, led_sif_pool, amethyst_overflow_temple_binary,
          chequers_ecumenical_altar_simple_redux, uniq_natasha
D:3:      layout_basic, old_standard_altar, first_ration, gammafunk_ghost_grave,
          nicolae_tso_swordbearing_angel
D:4:      layout_basic, nemelex_altar_shiori, lemuel_coloured_pillars_altar
D:5:      layout_cave_pools, cheibrodos_worm_habitat, uniq_blork_the_orc
D:6:      layout_gridville, minmay_temple_entry_junction,
          nicolae_ossuary_entry_false_entrances, serial_shops,
          nicolae_shop_behind_doors, minmay_bent
D:7:      layout_basic, uniq_joseph
Temple:   regret_index_temple_generic_petals

Skill      XL: |  1  2  3  4  5  6  7  8 |
---------------+-------------------------+-----
Long Blades    | 4 5 6 |  6.0
Armour         | 4 6 7 8 |  8.1
Dodging        | 5 6 |  6.0
Shields        | 8 |  8.4
Fighting       | |  3.6

Action                   |  1- 3 |  4- 6 |  7- 9 || total
-------------------------+-------+-------+-------++-------
Melee: Long sword        |    58 |    81 |   223 ||   362
       Headbutt          |     9 |    34 |    61 ||   104
       Dagger            |       |   136 |    33 ||   169
Invok: Heroism           |       |       |     1 ||     1
  Use: Scroll            |       |     7 |       ||     7
  Eat: Chunk             |     1 |    10 |     6 ||    17
       Ration            |       |       |     1 ||     1
Armor: Scale mail        |    33 |    70 |    87 ||   190
Dodge: Dodged            |    19 |    49 |    82 ||   150
Block: Kite shield       |    32 |   101 |   102 ||   235
       Rpst.: Long sword |     5 |     4 |    26 ||    35
